 Dungeon Crawl Stone Soup version 0.18-a0-1694-g9f731c2 (console) character file.

61 zxpr0jk the Skirmisher (level 4, 0/44 HPs)
             Began as a Naga Fighter on Apr 6, 2016.
             Slain by a gnoll
             ... wielding a cursed -2 halberd
              (11 damage)
             ... on level 2 of the Dungeon.
             The game lasted 00:01:58 (766 turns).

zxpr0jk the Skirmisher (Naga Fighter)                Turns: 766, Time: 00:01:59

Health: 0/44       AC:  6    Str: 23    XL:     4   Next: 7%
Magic:  4/4        EV:  5    Int:  9    God:
Gold:   35         SH:  9    Dex: 11    Spells: 0 memorised, 3 levels left

rFire  . . .     SeeInvis +     a - +0 flail
rCold  . . .     Gourm    .     b - +0 scale mail
rNeg   . . .     Faith    .     c - +0 shield
rPois  +         Spirit   .     (no helmet)
rElec  .         Dismiss  .     (no cloak)
rCorr  .         Reflect  .     h - +0 pair of gloves
SustAt .         Harm     .     (no barding)
MR     .....                    (no amulet)
Stlth  ..........               (no ring)
                                (no ring)

@: mighty, very slow, not resistant to hostile enchantments, extremely
unstealthy
A: see invisible, deformed body, poison resistance, slowness 2, slow metabolism
1, spit poison 2, AC +1
a: Spit Poison


You were on level 2 of the Dungeon.
You were not hungry.

You visited 1 branch of the dungeon, and saw 2 of its levels.

You collected 35 gold pieces.

Inventory:

Hand Weapons
 a - a +0 flail (weapon)
Armour
 b - a +0 scale mail (worn)
 c - a +0 shield (worn)
 h - a +0 pair of gloves (worn)
Scrolls
 g - a scroll of recharging {unknown}
Potions
 e - a potion of curing {unknown}
Comestibles
 f - 2 bread rations
 i - 2 chunks of flesh
 j - a meat ration


   Skills:
 + Level 4.0 Fighting
 + Level 3.3 Maces & Flails
 - Level 2.4 Armour
 - Level 2.4 Shields


You had 3 spell levels left.
You didn't know any spells.

Dungeon Overview and Level Annotations

Branches:
Dungeon (2/15)

Altars:


Innate Abilities, Weirdness & Mutations

You cannot wear boots.
Your serpentine skin is tough (AC +1).
You have supernaturally acute eyesight.
Armour fits poorly on your strangely shaped body.
Your system is resistant to poisons.
You cover ground very slowly.
You have a slow metabolism.
You can spit poison.


Message History

You block the gnoll's attack.
The gnoll hits you from afar with a spear.
* * * LOW HITPOINT WARNING * * *
The gnoll hits you with a spear.
* * * LOW HITPOINT WARNING * * *
You see here a flail.
You hit the gnoll.
The gnoll is lightly wounded.
The gnoll hits you but does no damage. You block the gnoll's attack.
You sock the gnoll!
You kill the gnoll!
Your Fighting skill increases to level 4!
You have reached level 4!
You feel clever. The gnoll barely misses you. The gnoll closely misses you.
The gnoll hits you but does no damage.
You sock the gnoll!
The gnoll is heavily wounded.
The gnoll hits you but does no damage. The gnoll hits you with a halberd!
You die...

.........#.## ....#.....#.. #
#.......g....#. ....
####.)............ ....... ##
#.....#.#.......##........
..###.........................
..<.).>.......#..g..# .......
............#####g#.###.......
........###.....@..((........
............##.####..(#..##...
..............................
.....##....†...........(......
...........†..........##..#...
..#...................# #... #
..#...................# #..#
......................# ....
#.###................. ...


You could see 2 gnolls.

Vanquished Creatures
  2 gnolls (D:2)
  An ooze (D:2)
  A worm (D:1)
  4 dart slugs (D:1)
  4 bats
  A giant cockroach (D:1)
  4 goblins
  A hobgoblin (D:1)
  2 quokkas (D:2)
  A ball python (D:2)
  2 giant newts (D:2)
  2 kobolds
  4 rats (D:2)
29 creatures vanquished.

Notes
Turn   | Place    | Note
--------------------------------------------------------------
     0 | D:1      | zxpr0jk the Naga Fighter began the quest for the Orb.
     0 | D:1      | Reached XP level 1. HP: 21/21 MP: 1/1
   325 | D:1      | Reached XP level 2. HP: 28/28 MP: 2/2
   674 | D:2      | Reached XP level 3. HP: 30/34 MP: 3/3
   765 | D:2      | Reached skill level 4 in Fighting
   765 | D:2      | Reached XP level 4. HP: 11/44 MP: 4/4
   766 | D:2      | Slain by a gnoll

Vault maps used:
D:1:      dpeg_arrival_arbitrary_c
D:2:      lemuel_coloured_pillars_altar, nicolae_overflow_hidden_temple

Skill      XL: |  1  2  3 |
---------------+----------+-----
Maces & Flails | 3 |  3.3
Fighting       | 4 |  4.0
Armour         | |  2.4
Shields        | |  2.4

Action                   |  1- 3 |  4- 6 || total
-------------------------+-------+-------++-------
Melee: Flail             |    92 |     1 ||    93
  Use: Potion            |     1 |       ||     1
